 Dungeon Crawl Stone Soup version 0.30.1-11-g7821555f0a (webtiles) character file.

Game seed: 13798914918712693900

394 RancidPinata the Fighter (level 6, -10/46 HPs)
             Began as a Gargoyle Gladiator on Dec 6, 2023.
             Mangled by Duvessa
             ... wielding a +0 short sword of draining
              (12 damage)
             ... on level 4 of the Dungeon.
             The game lasted 00:12:00 (2982 turns).

RancidPinata the Fighter (Gargoyle Gladiator)       Turns: 2982, Time: 00:12:01

Health: -10/46     AC:  9    Str: 19    XL:     6   Next: 82%
Magic:  6/6        EV: 12    Int:  9    God:
Gold:   91         SH:  0    Dex: 11    Spells: 5/5 levels left

rFire   . . .        a - +0 flail
rCold   . . .        (no shield)
rNeg    + . .        b - +0 leather armour
rPois   ∞            c - +0 helmet
rElec   +            (no cloak)
rCorr   .            (no gloves)
SInv    .            (no boots)
Will    .....        (no amulet)
Stlth   ++           (no ring)
HPRegen 0.27/turn    (no ring)
MPRegen 0.10/turn

%: no passive effects
@: no status effects
A: sickness immunity, AC +4, negative energy resistance 1, electricity
resistance, torment resistance 1, petrification resistance
a: no special abilities


You were on level 4 of the Dungeon.
You visited 1 branch of the dungeon, and saw 4 of its levels.

You collected 91 gold pieces.

Inventory:

Hand Weapons
 a - a +0 flail (weapon)
 m - a +0 sling
Missiles
 h - 21 stones (quivered)
 j - 4 boomerangs
 o - 7 poisoned darts
Armour
 b - a +0 leather armour (worn)
 c - a +0 helmet (worn)
Scrolls
 n - a scroll of magic mapping {unknown}
 p - a scroll of fear
 q - a scroll of immolation {unknown}
 r - a scroll of silence {unknown}
 s - a scroll of fog {unknown}
 t - 2 scrolls of torment {unknown}
 v - a scroll of noise {unknown}
Potions
 g - a potion of magic {unknown}
 i - a potion of curing {unknown}
 u - a potion of lignification


   Skills:
 * Level 9.3 Fighting
 + Level 8.4 Maces & Flails
 + Level 2.6 Throwing
 + Level 6.1 Armour
 - Level 2.4 Dodging
 + Level 2.2 Stealth


You had 5 spell levels left.
You didn't know any spells.
Your spell library contained the following spells:

 Spells                   Type           Power      Damage    Failure   Level
 Foxfire                  Conj/Fire      0%         2x1d4     43%         1
 Magic Dart               Conj           0%         1d3       43%         1
 Call Imp                 Summ           0%         N/A       56%         2
 Mephitic Cloud           Conj/Pois/Air  0%         N/A       80%         3
 Dispel Undead            Necr           0%         3d6       99%         4
 Fireball                 Conj/Fire      0%         3d3       100%        5
 Death Channel            Necr           0%         N/A       100%        6
 Plasma Beam              Fire/Air       0%         2x1d11    100%        6
 Starburst                Conj/Fire      0%         6d3       100%        6
 Cigotuvi's Dreadful Rot  Necr/Pois/Air  Unusable   N/A       N/A         2

Dungeon Overview and Level Annotations

Branches:
Dungeon (4/15)
 Temple: D:4-7

Altars:
Trog
Uskayaw

Annotations:
D:4 Duvessa


Innate Abilities, Weirdness & Mutations

You are immune to sickness and miasma.
Your stone body is resilient. (AC +4)
You are immune to poison.
You resist negative energy. (rN+)
You are resistant to electric shocks. (rElec)
You are resistant to unholy torment.
You are immune to petrification.


Message History

Aim: Duvessa, wielding a +0 short sword of draining and wearing a +3 leather armour of cold resistance (berserk, 65% to hit)
You throw a throwing net. The throwing net hits Duvessa.
Duvessa is caught in the net!
Duvessa struggles against the net. x2
You hit Duvessa but do no damage.
Duvessa struggles against the net.
You sock Duvessa!
Duvessa is lightly wounded.
Duvessa struggles against the net. x2
The net rips apart, and Duvessa comes free!
You hit Duvessa but do no damage.
Duvessa is lightly wounded.
Duvessa closely misses you.
You hit Duvessa.
Duvessa is lightly wounded.
Duvessa barely misses you.
Duvessa hits you with a +0 short sword of draining!
You barely miss Duvessa.
Duvessa is lightly wounded.
Duvessa hits you with a +0 short sword of draining.
You sock Duvessa!
Duvessa is moderately wounded.
Duvessa hits you with a +0 short sword of draining!
You hit Duvessa.
Duvessa is moderately wounded.
Duvessa misses you.
Duvessa hits you with a +0 short sword of draining.
You hit Duvessa.
Duvessa is heavily wounded.
Duvessa hits you with a +0 short sword of draining!
* * * LOW HITPOINT WARNING * * *
Unknown command.
Throw: throwing net
Press: ? - help, Q - select action, (/) - cycle Shift-Dir - straight line, f/p - Duvessa
Aim: Duvessa, wielding a +0 short sword of draining and wearing a +3 leather armour of cold resistance (heavily wounded, berserk, 65% to hit)
You throw a throwing net.
The throwing net closely misses Duvessa.
Duvessa hits you with a +0 short sword of draining!
* * * LOW HITPOINT WARNING * * *
Duvessa hits you with a +0 short sword of draining!
You die...

###### .<..# ###.#.#
#####..@#.###########.#.
........e.......((..(..(
#######.#(###.######...(
...#.# #.# . #.###.# #..
#. #.# ##.# # #.# .# #.#
$# #.# ..


You could see Duvessa (berserk).

Vanquished Creatures
  A scorpion (D:3)
  Dowan (D:4)
  A hound (D:3)
  4 adders (D:3)
  A worm (D:3)
  4 dart slugs
  6 endoplasms
  2 giant cockroaches
  5 goblins
  5 hobgoblins
  5 kobolds
  A quokka (D:3)
  5 ball pythons
  4 bats
  2 frilled lizards
  4 rats
51 creatures vanquished.

Notes
Turn   | Place    | Note
-------+----------+-------------------------------------------
     0 | D:1      | RancidPinata the Gargoyle Gladiator began the quest for the
                  | Orb.
     0 | D:1      | Reached XP level 1. HP: 12/12 MP: 1/1
    91 | D:1      | Reached XP level 2. HP: 18/18 MP: 2/2
   219 | D:3      | Reached skill level 1 in Armour
   219 | D:3      | Reached skill level 1 in Stealth
   219 | D:3      | Reached XP level 3. HP: 22/22 MP: 3/3
   257 | D:4      | Noticed Dowan
   342 | D:3      | Reached skill level 3 in Fighting
   558 | D:3      | Reached XP level 4. HP: 19/28 MP: 4/4
   897 | D:3      | Noticed a scorpion
   925 | D:3      | Killed a scorpion
   926 | D:3      | Reached XP level 5. HP: 24/33 MP: 5/5
  1034 | D:3      | Found a bloodstained altar of Trog.
  1287 | D:2      | Found a hide-covered altar of Uskayaw.
  1637 | D:1      | Found a faded altar of an unknown god.
  1643 | D:1      | Reached skill level 4 in Fighting
  2212 | D:3      | Reached skill level 9 in Fighting
  2212 | D:3      | Reached XP level 6. HP: 46/46 MP: 6/6
  2235 | D:4      | Noticed Duvessa
  2251 | D:4      | Killed Dowan
  2982 | D:4      | HP: 2/46 [Duvessa/+0 short sword of draining (11)]
  2982 | D:4      | Mangled by Duvessa

Illustrated notes

Levels and vault maps discovered:
D:1:      amcnicky_arrival_choice, layout_loops_ring, serial_rivers,
          chequers_serial_rivers_micro_d, chequers_serial_rivers_small_a,
          chequers_serial_rivers_micro_c, chequers_serial_rivers_micro_d,
          chequers_serial_rivers_micro_a, hellmonk_ecumenical_altar_arch_garden,
          st_stairs_12
D:2:      layout_rooms, basic_altar, hangedman_decor_clover_reticule,
          nicolae_elevator_lobby_plus
D:3:      layout_basic, mainiacjoe_overflow_alcove_4, glass_columns_a,
          minmay_misc_feat_five, serial_park_tiny_1, kennysheep_generic_room_3
D:4:      layout_basic, fedhas_altar_fruit_tree, serial_bayou_pond_d,
          serial_bayou_pond_d, minmay_increasing_density, uniq_ijyb,
          uniq_duvessa

Skill      XL: |  1  2  3  4  5 |
---------------+----------------+-----
Throwing       | 2 |  2.6
Armour         | 1 6 |  6.1
Stealth        | 1 2 |  2.2
Fighting       | 3 9 |  9.3
Maces & Flails | 8 |  8.4
Dodging        | |  2.4

Action                     |  1- 3 |  4- 6 || total
---------------------------+-------+-------++-------
  Melee: Flail             |    86 |   104 ||   190
  Throw: Throwing net      |       |     3 ||     3
         Javelin           |       |     2 ||     2
         Dart              |       |     5 ||     5
    Use: Scroll            |       |     4 ||     4
         Potion            |       |     1 ||     1
   Stab: Sleeping          |       |     4 ||     4
 Armour: Leather armour    |    43 |    38 ||    81
  Dodge: Dodged            |    79 |    70 ||   149
